 Dungeon Crawl Stone Soup version 0.24-a0-581-gc0fa6600bf (webtiles) character file.

Game seed: 15284720752677651056

78 Eightlegvermin the Bolt Thrower (level 4, -2/25 HPs)
             Began as a Kobold Arcane Marksman on Aug 24, 2019.
             Slain by a crimson imp (3 damage)
             ... on level 3 of the Dungeon.
             The game lasted 00:11:40 (2596 turns).

Eightlegvermin the Bolt Thrower (KoAM)              Turns: 2596, Time: 00:11:40

Health: -2/25      AC:  2    Str:  7    XL:     4   Next: 61%
Magic:  1/5        EV: 15    Int: 14    God:
Gold:   75         SH:  0    Dex: 16    Spells: 2/5 levels left

rFire    . . .     SeeInvis .   b - +0 dagger
rCold    . . .     Gourm    .   (shield restricted)
rNeg     . . .     Faith    .   e - +0 robe
rPois    .         Spirit   .   (no helmet)
rElec    .         Reflect  .   (no cloak)
rCorr    .         Harm     .   (no gloves)
MR       .....                  (no boots)
Stlth    ++........             (no amulet)
HPRegen  0.08/turn              (no ring)
MPRegen  0.09/turn              (no ring)

@: no status effects
A: small, carnivore
a: no special abilities


You were on level 3 of the Dungeon.
You were very full.

You visited 1 branch of the dungeon, and saw 3 of its levels.

You collected 75 gold pieces.

Inventory:

Hand Weapons
 a - a +0 hand crossbow
 b - a +0 dagger (weapon)
Missiles
 c - 7 poisoned darts (quivered)
Armour
 e - a +0 robe (worn)
Wands
 o - a wand of disintegration (10)
Scrolls
 j - 3 scrolls of identify
 k - a scroll of enchant armour {unknown}
 l - a scroll of amnesia
 n - a scroll of fog {unknown}
 q - a scroll of random uselessness {unknown}
Potions
 g - a potion of curing
 h - 2 potions of agility {unknown}
 i - a potion of might {unknown}
 p - a potion of flight {unknown}
Comestibles
 f - 6 rations


   Skills:
 - Level 1.1 Fighting
 + Level 1.1 Short Blades
 + Level 4.4 Crossbows
 - Level 2.4 Dodging
 - Level 3.0 Stealth
 - Level 1.1 Spellcasting
 - Level 3.0 Hexes


You had 2 spell levels left.
You knew the following spells:

 Your Spells              Type           Power        Failure   Level  Hunger
a - Corona                Hex            #......      8%          1    ##.....
b - Slow                  Hex            #.......     12%         2    ###....

Your spell library contained the following spells:

 Spells                   Type           Power        Failure   Level  Hunger
 Inner Flame              Hex/Fire       #.......     38%         3    ####...
 Portal Projectile        Hex/Tloc       #.....       38%         3    ####...
 Cause Fear               Hex            #.........   58%         4    #####..
 Leda's Liquefaction      Hex/Erth       #.........   80%         4    #####..


Dungeon Overview and Level Annotations

Branches:
Dungeon (3/15)

Altars:

Annotations:
D:3 exclusions: 2 orcs, 2 orc wizards and 1 more exclusion


Innate Abilities, Weirdness & Mutations

You are small and have problems with some larger weapons.
You are carnivorous and can eat meat at any time.


Message History

Aim: a crimson imp You shoot a bolt.
The bolt closely misses the crimson imp.
The crimson imp hits you.
* * * LOW HITPOINT WARNING * * *
b - a +0 dagger (weapon)
You hit the crimson imp but do no damage.
The crimson imp hits you.
* * * LOW HITPOINT WARNING * * *
You hit the crimson imp.
The crimson imp is lightly wounded.
The crimson imp closely misses you.
You hit the crimson imp.
The crimson imp is moderately wounded.
The crimson imp hits you.
* * * LOW HITPOINT WARNING * * *
You miss the crimson imp.
The crimson imp is lightly wounded.
The crimson imp hits you.
You die...

###### ###
.....# #.#
####.# #@#
#+## #.# #5#
#...## #<#
#.# #.....#
#.# #.#
##....... #.#
#.###........
.....#
#...'....(...
..##.#
#.###........
. #.#
#(####.......
#.# #...#
#.....#


You could see a crimson imp.

Vanquished Creatures
  An adder (D:2)
  2 worms (D:2)
  3 dart slugs
  3 giant cockroaches
  6 hobgoblins
  10 jackals
  3 quokkas (D:2)
  8 bats
  4 frilled lizards (D:1)
  3 goblins (D:1)
  3 kobolds
  7 rats
53 creatures vanquished.

Notes
Turn   | Place    | Note
-------+----------+-------------------------------------------
     0 | D:1      | Eightlegvermin the Kobold Arcane Marksman began the quest
                  | for the Orb.
     0 | D:1      | Reached XP level 1. HP: 12/12 MP: 2/2
    12 | D:1      | Reached skill level 3 in Crossbows
    74 | D:1      | Reached XP level 2. HP: 16/16 MP: 1/3
   492 | D:1      | Reached skill level 4 in Crossbows
   492 | D:1      | Reached XP level 3. HP: 8/20 MP: 4/4
   742 | D:1      | Learned a level 2 spell: Slow
   801 | D:1      | Reached skill level 1 in Stealth
  1360 | D:2      | Reached XP level 4. HP: 12/25 MP: 1/5
  2267 | D:2      | Reached skill level 1 in Short Blades
  2595 | D:3      | HP: 1/25 [crimson imp (2)]
  2596 | D:3      | Slain by a crimson imp

Levels and vault maps discovered:
D:1:      minmay_arrival_solitary_statue, layout_rooms
D:2:      layout_basic, first_ration, serial_glass, glass_columns_b,
          glass_columns_b, item_on_display_a, minmay_octomino_j4
D:3:      minmay_bubble_buster, layout_loops_corners, marbit_many_paths,
          minivault_24, roderic_roman_lattice, nemelex_dance_club_becter,
          uniq_natasha, uniq_terence, uniq_crazy_yiuf_cottage

Skill      XL: |  1  2  3  4 |
---------------+-------------+-----
Crossbows      | 3 4 |  4.4
Stealth        | 2 3 |  3.0
Short Blades   | 1 |  1.1
Fighting       | |  1.1
Dodging        | |  2.4
Spellcasting   | |  1.1
Hexes          | |  3.0

Action                   |  1- 3 |  4- 6 || total
-------------------------+-------+-------++-------
Melee: Dagger            |       |    50 ||    50
 Fire: Hand crossbow     |    81 |    35 ||   116
Throw: Dart              |     8 |     7 ||    15
 Cast: Corona            |    13 |    21 ||    34
  Use: Scroll            |     3 |       ||     3
 Stab: Sleeping          |       |     1 ||     1
  Eat: Chunk             |     8 |     6 ||    14
Armor: Robe              |    13 |    12 ||    25
Dodge: Dodged            |    40 |    68 ||   108

Table legend:
 A = Non-vault XP
 B = Vault XP
 C = Vault XP percentage of total XP
 D = Non-vault monster count
 E = Vault monster count
 F = Vault count percentage of total count
                 A         B        C        D         E       F
            +---------+---------+-------+---------+---------+-------
      Total |     109 |       3 |   2.7 |      51 |       2 |   3.8
            +---------+---------+-------+---------+---------+-------
        D:1 |      48 |       0 |   0.0 |      30 |       0 |   0.0
        D:2 |      59 |       3 |   4.8 |      20 |       2 |   9.1
        D:3 |       2 |       0 |   0.0 |       1 |       0 |   0.0
            +---------+---------+-------+---------+---------+-------
